 Dungeon Crawl Stone Soup version 0.25-a0-294-gea9b1ad378 (webtiles) character file.

Game seed: 5354379327263305777, levelgen mode: deterministic

5301 vurker the Thaumaturge (level 10, -4/74 HPs)
             Began as a Gnoll Wizard on Dec 18, 2019.
             Was a Follower of Cheibriados.
             Slain by an orc warrior
             ... wielding a +0 halberd
              (10 damage)
             ... on level 9 of the Dungeon.
             The game lasted 00:20:28 (10594 turns).

vurker the Thaumaturge (Gnoll Wizard)              Turns: 10594, Time: 00:20:28

Health: -4/74      AC:  8    Str: 15    XL:     10   Next: 63%
Magic:  23/23      EV: 16    Int: 25    God:    Cheibriados [*.....]
Gold:   442        SH:  6    Dex: 16    Spells: 22/27 levels left

rFire    . . .     SeeInvis .   v - +8 spear of Corruption {freeze, *Drain rC++ Str+3}
rCold    + + .     Gourm    +   j - +1 buckler {AC+3}
rNeg     . . .     Faith    .   m - +1 leather armour {MR+}
rPois    .         Spirit   .   b - +0 hat
rElec    .         Reflect  .   q - +0 cloak
rCorr    +         Harm     .   (no gloves)
MR       +....                  (no boots)
Stlth    +++.......             s - amulet of the gourmand
HPRegen  0.22/turn              x - ring of resist corrosion
MPRegen  0.18/turn              (no ring)

@: lightly drained, very slow
A: distributed training, fangs 1, strong nose
a: Bend Time, Renounce Religion


You were on level 9 of the Dungeon.
You worshipped Cheibriados.
Cheibriados was aware of your devotion.
You were very full.

You visited 2 branches of the dungeon, and saw 10 of its levels.

You collected 442 gold pieces.

Inventory:

Hand Weapons
 v - the +8 spear of Corruption (weapon) {freeze, *Drain rC++ Str+3}
   (You found it on level 7 of the Dungeon)

   It has been specially enchanted to freeze those struck by it, causing extra
   injury to most foes and up to half again as much damage against particularly
   susceptible opponents.
   It can also slow down cold-blooded creatures.
   It affects your strength (+3).
   It greatly protects you from cold.
   It causes draining when unequipped.
Missiles
 p - 2 throwing nets (quivered)
Armour
 b - a +0 hat (worn)
 c - a +0 chain mail of cold resistance
   (You took it off an orc on level 2 of the Dungeon)
 j - a +1 buckler of protection (worn)
   (You found it on level 2 of the Dungeon)
 m - a +1 leather armour of magic resistance (worn)
   (You took it off an orc on level 3 of the Dungeon)
 q - a +0 cloak (worn)
   (You found it on level 5 of the Dungeon)
 y - a +2 shield
   (You found it on level 8 of the Dungeon)
Jewellery
 s - an amulet of the gourmand (around neck)
   (You found it on level 7 of the Dungeon)
 x - a ring of resist corrosion (left hand)
   (You found it on level 8 of the Dungeon)
Wands
 t - a wand of flame (10)
   (You found it on level 8 of the Dungeon)
 u - a wand of paralysis (5)
   (You found it on level 5 of the Dungeon)
 z - a wand of polymorph (8)
   (You found it on level 8 of the Dungeon)
Scrolls
 a - 2 scrolls of magic mapping
 d - 2 scrolls of blinking {unknown}
 f - 2 scrolls of enchant weapon {unknown}
 i - 3 scrolls of amnesia
 k - 2 scrolls of immolation {unknown}
 l - a scroll of fear {unknown}
 w - a scroll of fog {unknown}
 A - a scroll of random uselessness {unknown}
Potions
 g - 3 potions of curing
 h - 2 potions of flight
 n - a potion of agility
 o - 2 potions of ambrosia
 B - a potion of heal wounds
Comestibles
 e - 23 rations
 r - 5 chunks of flesh


   Skills:
 + Level 5.3(5.2) Fighting
 + Level 5.3(5.2) Short Blades
 + Level 5.3(5.2) Long Blades
 + Level 5.3(5.2) Axes
 + Level 5.3(5.2) Maces & Flails
 + Level 5.3(5.2) Polearms
 + Level 5.3(5.2) Staves
 + Level 5.3(5.2) Slings
 + Level 5.3(5.2) Bows
 + Level 5.3(5.2) Crossbows
 + Level 5.3(5.2) Throwing
 + Level 5.3(5.2) Armour
 + Level 7.1(6.9) Dodging
 + Level 6.9(6.7) Stealth
 + Level 5.3(5.2) Shields
 + Level 5.3(5.2) Unarmed Combat
 + Level 9.0(8.8) Spellcasting
 + Level 5.0(4.8) Conjurations
 + Level 4.4(4.2) Hexes
 + Level 4.4(4.2) Charms
 + Level 5.0(4.8) Summonings
 + Level 4.4(4.2) Necromancy
 + Level 5.0(4.8) Translocations
 + Level 4.4(4.2) Transmutations
 + Level 4.4(4.2) Fire Magic
 + Level 4.4(4.2) Ice Magic
 + Level 4.4(4.2) Air Magic
 + Level 4.4(4.2) Earth Magic
 + Level 4.4(4.2) Poison Magic
 + Level 5.9(5.7) Invocations
 + Level 5.3(5.2) Evocations


You had 22 spell levels left.
You knew the following spells:

 Your Spells              Type           Power        Failure   Level  Hunger
a - Magic Dart            Conj           ####         1%          1    None
b - Call Imp              Summ           #####...     1%          2    None
c - Blink                 Tloc           N/A          1%          2    None

Your spell library contained the following spells:

 Spells                   Type           Power        Failure   Level  Hunger
 Slow                     Hex            ####....     1%          2    None
 Conjure Flame            Conj/Fire      ####....     3%          3    None
 Mephitic Cloud           Conj/Pois/Air  ####....     3%          3    None


Dungeon Overview and Level Annotations

Branches:
Dungeon (9/15)             Temple (1/1) D:4            Lair (0/6) D:9
    Orc (0/2) D:9

Altars:
Ashenzari
Cheibriados
Dithmenos
Elyvilon
Fedhas
Gozag
Hepliaklqana
Kikubaaqudgha
Makhleb
Nemelex Xobeh
Okawaru
Qazlal
Ru
Sif Muna
Trog
Uskayaw
Vehumet
Wu Jian
Xom
Yredelemnul
Zin
The Shining One
Beogh

Shops:
D:6 }


Innate Abilities, Weirdness & Mutations

Your experience applies equally to all skills.
You have very sharp teeth.
Your uncanny sense of smell can sniff out nearby items.


Message History

You kill the orc warrior!
Cheibriados appreciates the change of pace.
You barely miss the orc priest.
You bite the orc priest, but do no damage.
The orc priest invokes the aid of Beogh against you.
You easily resist.
You block the orc warrior's attack.
You hit the orc priest. You freeze the orc priest.
You kill the orc priest!
Cheibriados thoroughly appreciates the change of pace.
Your crimson imp blinks!
The orc warrior hits you from afar with a +0 halberd!!
* * * LOW HITPOINT WARNING * * *
Okay, then.
The orc priest casts a cantrip, but nothing happens.
Your crimson imp blinks!
The orc hits something.
The orc throws a boomerang.
The boomerang misses your crimson imp.
The boomerang barely misses the orc priest.
The boomerang hits the orc warrior but does no damage.
The weapon returns to the orc!
The orc closely misses your crimson imp.
The orc misses your crimson imp.
The orc hits your crimson imp with a +2 whip of electrocution.
The orc throws a boomerang.
The boomerang closely misses your crimson imp.
The boomerang completely misses the orc priest.
The boomerang hits the orc warrior but does no damage.
The weapon returns to the orc!
Items here: ) [[ ÷ a +0 club; a +0 leather armour; a robe; an orc skeleton Your crimson imp blinks!
The orc warrior hits you from afar with a +0 halberd.
* * * LOW HITPOINT WARNING * * *
The orc priest begins to cast a cantrip, but forgets the words!
Your crimson imp barely misses the orc priest.
The orc warrior barely misses you.
Your crimson imp hits the orc priest but does no damage.
Something hits your crimson imp. You block the orc warrior's attack.
The orc throws a boomerang.
You block the boomerang.
The weapon returns to the orc!
The orc warrior hits you from afar with a +0 halberd!
* * * LOW HITPOINT WARNING * * *
Your crimson imp blinks!
There is an escape hatch in the ceiling here.
The orc throws a boomerang.
You block the boomerang.
The weapon returns to the orc!
The orc priest casts a cantrip, but nothing happens.
The orc warrior hits you from afar with a +0 halberd!
You die...

##......## #.....#
##........###).>..)
#........o...).o..#
#..........###...8# #####
#.......o..# ###### ##...##
#..........# ##.....##
#....o...(.######## #.....(.#
##..o.....##..><... #.....<.#
##@.o..5..##....... #.......#
#..........#....... ##.....####
#..........#.(.....
##........###..................
#...÷..........<........####.>#
#..)......###...........#######
#.......#.............#...##
##.....########......##....#
##...## ##...#.####..###


You could see 2 orc warriors, an orc priest, 2 orcs and a friendly crimson imp.

Vanquished Creatures
  A tengu warrior (D:8)
  A two-headed ogre (D:8)
  A troll (D:8)
  A hippogriff (D:7)
  A yak (D:8)
  A human (D:5)
  Menkaure (D:4)
  2 black bears
  2 sky beasts
  2 orc warriors (D:9)
  2 phantoms
  6 ogres
  A necrophage (D:6)
  3 centaurs
  A bullfrog (D:6)
  2 killer bees (D:8)
  2 wights
  4 howler monkeys (D:7)
  A bullfrog zombie (D:8)
  4 hounds
  5 orc wizards
  5 orc priests
  2 bullfrog skeletons
  An iron imp (D:8)
  2 iguanas
  6 worker ants
  3 worker ant zombies
  4 gnolls
  8 adders
  A shadow imp (D:6)
  5 oozes
  An adder zombie (D:7)
  7 leopard geckos
  32 orcs
  5 bats
  6 giant cockroaches
  11 goblins
  5 hobgoblins
  9 jackals (D:4)
  8 quokkas
  3 ball pythons
  6 frilled lizards
  A jackal skeleton (D:6)
  6 kobolds
  4 rats
185 creatures vanquished.

Vanquished Creatures (collateral kills)
  A hippogriff (D:6)
  A sky beast (D:8)
  2 black bears (D:6)
  An orc warrior (D:9)
  3 wights (D:9)
  A centaur zombie (D:9)
  A human zombie (D:5)
  An orc wizard (D:9)
  An orc priest (D:3)
  An iguana (D:9)
  A hound zombie (D:5)
  Robin (D:2)
  3 gnolls (D:3)
  2 adders
  A shadow imp (D:6)
  An adder skeleton (D:8)
  A dart slug (D:3)
  3 orcs
  2 giant cockroaches
  6 goblins (D:2)
  4 hobgoblins
  A quokka (D:3)
39 creatures vanquished.

Vanquished Creatures (others)
  A plant (D:8)
1 creature vanquished.

Grand Total: 225 creatures vanquished

Notes
Turn   | Place    | Note
-------+----------+-------------------------------------------
     0 | D:1      | vurker the Gnoll Wizard began the quest for the Orb.
     0 | D:1      | Reached XP level 1. HP: 13/13 MP: 8/8
   106 | D:1      | Reached XP level 2. HP: 19/19 MP: 6/10
   275 | D:1      | Reached XP level 3. HP: 21/25 MP: 0/11
   756 | D:2      | Noticed an ogre
   764 | D:2      | Killed an ogre
   764 | D:2      | Reached skill level 1 in Fighting
   764 | D:2      | Reached skill level 1 in Short Blades
   764 | D:2      | Reached skill level 1 in Long Blades
   764 | D:2      | Reached skill level 1 in Axes
   764 | D:2      | Reached skill level 1 in Maces & Flails
   764 | D:2      | Reached skill level 1 in Polearms
   764 | D:2      | Reached skill level 1 in Staves
   764 | D:2      | Reached skill level 1 in Slings
   764 | D:2      | Reached skill level 1 in Bows
   764 | D:2      | Reached skill level 1 in Crossbows
   764 | D:2      | Reached skill level 1 in Throwing
   764 | D:2      | Reached skill level 1 in Armour
   764 | D:2      | Reached skill level 1 in Shields
   764 | D:2      | Reached skill level 1 in Unarmed Combat
   764 | D:2      | Reached skill level 1 in Hexes
   764 | D:2      | Reached skill level 1 in Charms
   764 | D:2      | Reached skill level 1 in Necromancy
   764 | D:2      | Reached skill level 1 in Transmutations
   764 | D:2      | Reached skill level 1 in Fire Magic
   764 | D:2      | Reached skill level 1 in Ice Magic
   764 | D:2      | Reached skill level 1 in Air Magic
   764 | D:2      | Reached skill level 1 in Earth Magic
   764 | D:2      | Reached skill level 1 in Poison Magic
   764 | D:2      | Reached skill level 1 in Invocations
   764 | D:2      | Reached skill level 1 in Evocations
   764 | D:2      | Reached XP level 4. HP: 7/32 MP: 3/13
   764 | D:2      | Reached XP level 5. HP: 8/37 MP: 3/14
  1006 | D:2      | Learned a level 2 spell: Call Imp
  1009 | D:2      | Learned a level 2 spell: Blink
  1047 | D:2      | Found a faded altar of an unknown god.
  1149 | D:2      | Found a stormy altar of Qazlal.
  1689 | D:2      | Found a bloodstained altar of Trog.
  1704 | D:2      | Noticed Robin
  1735 | D:2      | Killed Robin
  2344 | D:2      | Found a faded altar of an unknown god.
  2359 | D:2      | Found a stormy altar of Qazlal.
  2417 | D:2      | Reached XP level 6. HP: 40/44 MP: 6/16
  2932 | D:2      | Found a bloodstained altar of Trog.
  3120 | D:3      | Found an iron altar of Okawaru.
  3746 | D:4      | Reached skill level 5 in Dodging
  4160 | D:4      | Reached XP level 7. HP: 50/50 MP: 7/18
  4433 | D:4      | Noticed Menkaure
  4445 | D:4      | Killed Menkaure
  4468 | D:4      | Found an ancient bone altar of Kikubaaqudgha.
  4855 | D:4      | Found a staircase to the Ecumenical Temple.
  4867 | Temple   | Entered the Ecumenical Temple
  5600 | D:5      | Entered Level 5 of the Dungeon
  5609 | D:5      | Found a blossoming altar of Fedhas.
  5720 | D:5      | Found a runed translucent door.
  5720 | D:5      | Noticed a human
  5724 | D:5      | Found a basalt altar of Yredelemnul.
  5749 | D:5      | Reached skill level 5 in Stealth
  5846 | D:5      | Killed a human
  6004 | D:5      | Reached XP level 8. HP: 47/57 MP: 14/19
  6728 | D:6      | Noticed a hippogriff
  6752 | D:6      | Killed a hippogriff
  6890 | D:6      | Reached skill level 8 in Spellcasting
  6960 | D:6      | Found Feap's Gadget Boutique.
  7022 | D:6      | Found a sparkling altar of Nemelex Xobeh.
  7357 | D:7      | Reached XP level 9. HP: 65/65 MP: 15/21
  7651 | D:7      | Found a shattered altar of Ashenzari.
  8229 | D:7      | Got a twisted spear
  8230 | D:7      | Identified the +8 spear of Corruption {freeze, *Drain rC++
                  | Str+3} (You found it on level 7 of the Dungeon)
  8304 | D:7      | Found a white marble altar of Elyvilon.
  8304 | D:7      | Found an opulent altar of Gozag.
  8376 | D:7      | Found a sparkling altar of Nemelex Xobeh.
  8785 | D:8      | Noticed a two-headed ogre
  8813 | D:8      | Killed a two-headed ogre
  8813 | D:8      | Reached skill level 5 in Invocations
  8813 | D:8      | Reached XP level 10. HP: 59/73 MP: 12/22
  8966 | D:8      | Found a snail-covered altar of Cheibriados.
  8986 | D:8      | Became a worshipper of Cheibriados the Contemplative
  9134 | D:8      | Reached skill level 5 in Fighting
  9134 | D:8      | Reached skill level 5 in Short Blades
  9134 | D:8      | Reached skill level 5 in Long Blades
  9134 | D:8      | Reached skill level 5 in Axes
  9134 | D:8      | Reached skill level 5 in Maces & Flails
  9134 | D:8      | Reached skill level 5 in Polearms
  9134 | D:8      | Reached skill level 5 in Staves
  9134 | D:8      | Reached skill level 5 in Slings
  9134 | D:8      | Reached skill level 5 in Bows
  9134 | D:8      | Reached skill level 5 in Crossbows
  9134 | D:8      | Reached skill level 5 in Throwing
  9134 | D:8      | Reached skill level 5 in Armour
  9134 | D:8      | Reached skill level 5 in Shields
  9134 | D:8      | Reached skill level 5 in Unarmed Combat
  9134 | D:8      | Reached skill level 5 in Evocations
  9158 | D:8      | Noticed a tengu warrior
  9179 | D:8      | Killed a tengu warrior
  9951 | D:9      | Reached skill level 9 in Spellcasting
 10276 | D:9      | Found an ornate altar of the Wu Jian Council.
 10339 | D:9      | Found a hazy altar of Hepliaklqana.
 10350 | D:9      | Reached * piety under Cheibriados
 10412 | D:9      | Found a staircase to the Lair.
 10541 | D:9      | Found a staircase to the Orcish Mines.
 10558 | D:9      | Found a roughly hewn altar of Beogh.
 10568 | D:9      | Reached skill level 5 in Conjurations
 10568 | D:9      | Reached skill level 5 in Summonings
 10568 | D:9      | Reached skill level 5 in Translocations
 10594 | D:9      | Slain by an orc warrior

Levels and vault maps discovered:
D:1:      mrwooster_arrival_arrow, layout_basic
D:2:      layout_loops_corners, nicolae_qazlal_general_emergency,
          lightli_temple_of_fire, chequers_ecumenical_altar_island, uniq_robin
D:3:      layout_rooms, okawaru_trees_1, first_ration, chequers_big_river
D:4:      minmay_chambers_of_fours, layout_layer_cave, marbit_many_paths,
          minmay_temple_entry_gardened_gates, hangedman_abyss_or_decor_stabs,
          uniq_menkaure
D:5:      layout_gridville, kennysheep_little_box, serial_park_tiny_1,
          minmay_misc_feat_columns, dk_yredelemnul_ordeal
D:6:      wander_river, layout_cave_pools, kennysheep_mini, serial_shops,
          kennysheep_mini_moat
D:7:      layout_basic, gammafunk_temple_overflow_wave,
          cheibrodos_ashenzari_chains, grunt_ogre_cave,
          nemelex_dance_club_becter
D:8:      layout_basic, slow_altar_2, minmay_shattered_shrine
D:9:      layout_rooms, old_standard_altar, lemuel_round_altar,
          lair_entry_dummy, minmay_orc_entry_temple_small
Temple:   eino_temple_lava

Skill      XL: |  1  2  3  4  5  6  7  8  9 10 |
---------------+-------------------------------+-----
Conjurations   | 2 3 4 5 |  5.0
Summonings     | 2 3 4 5 |  5.0
Translocations | 2 3 4 5 |  5.0
Fighting       | 1 2 3 4 5 |  5.3
Short Blades   | 1 2 3 4 5 |  5.3
Long Blades    | 1 2 3 4 5 |  5.3
Axes           | 1 2 3 4 5 |  5.3
Maces & Flails | 1 2 3 4 5 |  5.3
Polearms       | 1 2 3 4 5 |  5.3
Staves         | 1 2 3 4 5 |  5.3
Slings         | 1 2 3 4 5 |  5.3
Bows           | 1 2 3 4 5 |  5.3
Crossbows      | 1 2 3 4 5 |  5.3
Throwing       | 1 2 3 4 5 |  5.3
Armour         | 1 2 3 4 5 |  5.3
Shields        | 1 2 3 4 5 |  5.3
Unarmed Combat | 1 2 3 4 5 |  5.3
Hexes          | 1 2 3 4 |  4.4
Charms         | 1 2 3 4 |  4.4
Necromancy     | 1 2 3 4 |  4.4
Transmutations | 1 2 3 4 |  4.4
Fire Magic     | 1 2 3 4 |  4.4
Ice Magic      | 1 2 3 4 |  4.4
Air Magic      | 1 2 3 4 |  4.4
Earth Magic    | 1 2 3 4 |  4.4
Poison Magic   | 1 2 3 4 |  4.4
Invocations    | 1 2 3 4 5 |  5.9
Evocations     | 1 2 3 4 5 |  5.3
Dodging        | 5 6 7 |  7.1
Stealth        | 5 6 |  6.9
Spellcasting   | 8 9 |  9.0

Action                   |  1- 3 |  4- 6 |  7- 9 | 10-12 || total
-------------------------+-------+-------+-------+-------++-------
Melee: Unarmed           |       |    14 |       |       ||    14
       Bite              |       |     1 |     9 |    19 ||    29
       Short sword       |       |    29 |       |       ||    29
       Whip              |       |       |   101 |       ||   101
       Spear             |       |       |    53 |   128 ||   181
 Cast: Magic Dart        |    55 |   161 |   276 |    17 ||   509
       Call Imp          |       |    21 |    36 |    21 ||    78
Evoke: Wand              |       |       |       |     3 ||     3
  Use: Scroll            |       |       |     7 |     1 ||     8
 Stab: Sleeping          |       |     2 |     5 |     4 ||    11
       Distracted        |       |       |     3 |     3 ||     6
       Paralysed         |       |       |       |     6 ||     6
  Eat: Chunk             |       |     6 |    33 |     5 ||    44
       Ration            |       |     1 |       |       ||     1
Armor: Robe              |     1 |     8 |       |       ||     9
       Leather armour    |       |    15 |    65 |    15 ||    95
Dodge: Dodged            |     4 |    80 |   149 |    64 ||   297
Block: Buckler           |       |    15 |    65 |    32 ||   112

Table legend:
 A = Non-vault XP
 B = Vault XP
 C = Vault XP percentage of total XP
 D = Non-vault monster count
 E = Vault monster count
 F = Vault count percentage of total count
                 A         B        C        D         E       F
            +---------+---------+-------+---------+---------+-------
      Total |    4726 |    2848 |  37.6 |     182 |      42 |  18.8
            +---------+---------+-------+---------+---------+-------
        D:1 |      56 |       0 |   0.0 |      25 |       0 |   0.0
        D:2 |     197 |      21 |   9.6 |      14 |      12 |  46.2
        D:3 |     173 |       0 |   0.0 |      32 |       0 |   0.0
        D:4 |     246 |     193 |  44.0 |      27 |       8 |  22.9
        D:5 |     299 |     167 |  35.8 |      11 |       2 |  15.4
        D:6 |     937 |       0 |   0.0 |      13 |       0 |   0.0
        D:7 |    1109 |     236 |  17.5 |      25 |       3 |  10.7
        D:8 |     962 |    1951 |  67.0 |      15 |      12 |  44.4
        D:9 |     747 |     280 |  27.3 |      20 |       5 |  20.0
            +---------+---------+-------+---------+---------+-------
